 Dungeon Crawl Stone Soup version 0.21-a0-531-gacddea6 (webtiles) character file.

195 Chaotic the Skirmisher (level 5, 14/72 HPs)
             Began as a Minotaur Fighter on Dec 8, 2017.
             Quit the game on level 3 of the Dungeon on Dec 12, 2017.
             The game lasted 00:04:20 (1722 turns).

Chaotic the Skirmisher (Minotaur Fighter)           Turns: 1722, Time: 00:04:20

Health: 14/72      AC: 22    Str: 25 (26) XL:     5   Next: 45%
Magic:  4/4        EV:  2    Int:  9 (10) God:
Gold:   79         SH: 10    Dex:  8 (10) Spells: 4/4 levels left

rFire    . . .     SeeInvis .   a - +1 rapier
rCold    . . .     Gourm    .   c - +0 shield
rNeg     + + +     Faith    .   (armour currently unavailable)
rPois    +         Spirit   .   (helmet currently unavailable)
rElec    .         Reflect  .   (cloak currently unavailable)
rCorr    .         Harm     .   (gloves currently unavailable)
MR       .....     NoTele   +   (boots currently unavailable)
Stlth    +.........             (no amulet)
HPRegen  0.22/turn              m - ring of flight
MPRegen  0.09/turn              (no ring)

@: mighty, brilliant, tree-form, very slightly contaminated, invisible
A: (retaliatory headbutt)
a: no special abilities


You were on level 3 of the Dungeon.
You were not hungry.
You were a tree.
You visited 1 branch of the dungeon, and saw 3 of its levels.

You collected 79 gold pieces.

Inventory:

Hand Weapons
 a - a +1 rapier (weapon)
Armour
 b - a +0 scale mail
 c - a +0 shield (worn)
 j - a +0 plate armour (melded)
Jewellery
 m - a ring of flight (left branch)
Scrolls
 f - a scroll of enchant weapon
 h - a scroll of enchant armour {unknown}
 o - a scroll of fear {unknown}
 p - a scroll of remove curse
 q - a scroll of amnesia {unknown}
 r - a scroll of magic mapping {unknown}
Potions
 k - 2 potions of lignification
Comestibles
 g - 2 meat rations
 i - 2 royal jellies


   Skills:
 * Level 5.5 Fighting
 + Level 3.4 Short Blades
 + Level 4.6 Armour
 + Level 4.5 Shields


You had 4 spell levels left.
You didn't know any spells.

Dungeon Overview and Level Annotations

Branches:
Dungeon (3/15)

Altars:


Innate Abilities, Weirdness & Mutations

((You reflexively headbutt those who attack you in melee.))
((You have a pair of horns on your head.))


Message History

You cannot move.
You cannot move.
You cannot move.
You cannot move.
You cannot move.
You cannot move.
You cannot move.
You cannot move.
You cannot move.
You cannot move.
You cannot move.
You cannot move.
You cannot move.
You cannot move.
You cannot move.
You cannot move.
You cannot move.
Quiver which item? (- for none, * to show all) (? for menu, Esc to quit)
Okay, then.
Are you sure you want to abandon this character and quit the game? (Confirm with "yes".)

#......###.#####.#
#...#...# #.......######
.#.#(##.###.#####.......
............# #.#####.
.#.#.####.### #.#####.
#... #.# #.#.....
###.######.# #.#.###.
......gK...#
#####...###.
....####♣###
#........... . #)#
#.###.#.###. #g# ###
#.#.###. #l# #.......
g## #...###. . #...# #.
. #...# #. .. <... ..
###


You could see 2 gnolls, a leopard gecko, a hobgoblin and a kobold.

Vanquished Creatures
  A centaur (D:2)
  2 gnolls (D:3)
  2 adders
  2 dart slugs
  3 leopard geckos
  3 giant cockroaches
  7 hobgoblins
  15 jackals
  6 kobolds
  5 bats
  2 frilled lizards (D:1)
  8 goblins
  6 rats
62 creatures vanquished.

Notes
Turn   | Place    | Note
-------+----------+-------------------------------------------
     0 | D:1      | Chaotic the Minotaur Fighter began the quest for the Orb.
     0 | D:1      | Reached XP level 1. HP: 19/19 MP: 0/0
    84 | D:1      | Reached skill level 4 in Fighting
   114 | D:1      | Reached XP level 2. HP: 24/27 MP: 1/1
   378 | D:1      | Reached XP level 3. HP: 34/34 MP: 2/2
   982 | D:2      | Found a faded altar of an unknown god.
  1016 | D:2      | Reached XP level 4. HP: 41/41 MP: 3/3
  1285 | D:2      | Noticed a centaur
  1290 | D:2      | Killed a centaur
  1290 | D:2      | Reached skill level 5 in Fighting
  1290 | D:2      | Reached XP level 5. HP: 31/48 MP: 4/4
  1721 | D:3      | Upgraded the game from 0.21-a0-528-gf531e82 to 0.21-a0-529-g8c7b3f5
  1721 | D:3      | Upgraded the game from 0.21-a0-529-g8c7b3f5 to 0.21-a0-531-gacddea6
  1722 | D:3      | Quit the game

Vault maps used:
D:1:      minmay_arrival_nine_rooms, wad_woods_river_04
D:2:      chequers_ecumenical_altar_island
D:3:      gammafunk_temple_overflow_wave, serial_bayou_lagoon_b

Skill      XL: |  1  2  3  4 |
---------------+-------------+-----
Fighting       | 4 5 |  5.5
Armour         | 4 |  4.6
Shields        | 4 |  4.5
Short Blades   | 3 |  3.4

Action                   |  1- 3 |  4- 6 || total
-------------------------+-------+-------++-------
Melee: Rapier            |   115 |    42 ||   157
       Headbutt          |    14 |     5 ||    19
  Use: Scroll            |     5 |       ||     5
       Potion            |       |     6 ||     6
  Eat: Bread ration      |       |     1 ||     1
Armor: Scale mail        |    13 |       ||    13
       Plate armour      |    59 |    25 ||    84
       Skin              |       |     5 ||     5
Dodge: Dodged            |    24 |     7 ||    31
Block: Shield            |    63 |    29 ||    92

Table legend:
 A = Spawn XP
 B = Non-spawn XP
 C = Spawn XP percentage of total XP
 D = Spawn monster count
 E = Non-spawn monster count
 F = Spawn count percentage of total count
 G = Total turns spent on level
                    A         B        C        D         E        F      G
               +---------+---------+-------+---------+---------+-------+---------
         Total |       0 |     279 |   0.0 |       0 |      62 |   0.0 |  1722
               +---------+---------+-------+---------+---------+-------+---------
           D:1 |       0 |      62 |   0.0 |       0 |      34 |   0.0 |   876
           D:2 |       0 |     166 |   0.0 |       0 |      21 |   0.0 |   654
           D:3 |       0 |      51 |   0.0 |       0 |       7 |   0.0 |   192
               +---------+---------+-------+---------+---------+-------+---------
